 Dungeon Crawl Stone Soup version 0.19-a0-1608-g4cf22de (webtiles) character file.

15 jacquesderrida the Charmwright (level 2, 2/15 HPs)
             Began as a Vine Stalker Skald on Sept 17, 2016.
             Quit the game on level 2 of the Dungeon.
             The game lasted 00:00:43 (241 turns).

jacquesderrida the Charmwright (Vine Stalker Skald)  Turns: 241, Time: 00:00:44

Health: 2/15       AC:  3    Str: 14    XL:     2   Next: 50%
Magic:  3/6        EV: 11    Int: 12    God:
Gold:   13         SH:  0    Dex: 13    Spells: 1 memorised, 4 levels left

rFire  . . .     SeeInvis .     a - +0 falchion
rCold  . . .     Gourm    .     b - +0 leather armour
rNeg   . . .     Faith    .     (no shield)
rPois  .         Spirit   +     (no helmet)
rElec  .         Dismiss  .     (no cloak)
rCorr  .         Reflect  .     (no gloves)
MR     .....     Harm     .     (no boots)
Stlth  +.........               (no amulet)
                                (no ring)
                                (no ring)

@: lethally poisoned (2 -> -2)
A: fangs 2, magic shield, antimagic bite, no device heal 3, rot immunity
a: no special abilities


You were on level 2 of the Dungeon.
You were not hungry.

You visited 1 branch of the dungeon, and saw 2 of its levels.

You collected 13 gold pieces.

Inventory:

Hand Weapons
 a - a +0 falchion (weapon)
Armour
 b - a +0 leather armour (worn)
 i - a cursed +0 chain mail
Scrolls
 e - a scroll of amnesia {unknown}
Potions
 f - a potion of ambrosia {unknown}
 g - a potion of heal wounds {unknown}
 j - a potion of haste {unknown}
Books
 c - a book of Battle

   Spells                             Type                      Level
   a - Infusion                       Charms                       1
   b - Shroud of Golubria             Charms/Translocation         2
   c - Song of Slaying                Charms                       2
   d - Spectral Weapon                Hexes/Charms                 3
   e - Regeneration                   Charms/Necromancy            3
Comestibles
 d - a bread ration
 h - a slice of pizza


   Skills:
 - Level 1.7 Fighting
 + Level 2.7 Long Blades
 - Level 0.7 Armour
 - Level 0.7 Dodging
 - Level 2.1 Spellcasting
 - Level 3.0 Charms


You had 4 spell levels left.
You knew the following spells:

 Your Spells              Type           Power        Failure   Level  Hunger
a - Infusion              Chrm           #...         12%         1    ##.....


Dungeon Overview and Level Annotations

Branches:
Dungeon (2/15)

Altars:


Innate Abilities, Weirdness & Mutations

You have extremely sharp teeth.
When hurt, damage is shared between your health and your magic reserves.
Your bite disrupts and absorbs the magic of your enemies.
Potions and wands cannot restore your health.
You are immune to rotting.


Message History

A kobold comes into view. It is wielding a dagger.
An adder comes into view.
You see here a purple potion.
j - a purple potion The kobold shouts!
You see here a glowing robe.
The adder barely misses you.
A goblin comes into view.
The goblin shouts!
You closely miss the goblin. The adder closely misses you. The adder bites you.
The goblin hits you. The adder bites you.
You are lethally poisoned!
The adder poisons you!
* * * LOW HITPOINT WARNING * * *
You feel sick. The adder bites you.
* * * LOW HITPOINT WARNING * * *
* * * LOW HITPOINT WARNING * * *
You feel sick. The adder bites you.
Are you sure you want to abandon this character and quit the game? (Confirm with "yes".)

#.#......#..#.#(## #.#
#.#......#[......# #.#
.............#..####)#
#
#......#.####.......#
#.#......#.# ##.######
#..........### #..
#.....gK.....# ####
###.##S#####.# #@..#
.# ###.# # .# #


You could see an adder, a goblin and a kobold.

Vanquished Creatures
  An ooze (D:1)
  2 goblins (D:1)
  A hobgoblin (D:1)
  5 bats
  A kobold (D:2)
  A rat (D:2)
11 creatures vanquished.

Notes
Turn   | Place    | Note
-------+----------+-------------------------------------------
     0 | D:1      | jacquesderrida the Vine Stalker Skald began the quest for the Orb.
     0 | D:1      | Reached XP level 1. HP: 11/11 MP: 4/4
    40 | D:1      | Reached XP level 2. HP: 8/15 MP: 4/6
   241 | D:2      | Quit the game

Vault maps used:
D:1:      evilmike_arrival_plus, serial_aquarium, aquarium_bridge_long_separate,
          aquarium_window_fake, aquarium_window_corridor_1, aquarium_window_1,
          aquarium_window_1, aquarium_view_2e, aquarium_balcony_5b
D:2:      lemuel_upstairs_altar, first_bread, uniq_robin

Skill      XL: |  1 |
---------------+----+-----
Long Blades    | 2 |  2.7
Fighting       | |  1.7
Armour         | |  0.7
Dodging        | |  0.7
Spellcasting   | |  2.1
Charms         | |  3.0

Action                   || total
-------------------------++-------
Melee: Falchion          ||    38
       Bite              ||    10
Armor: Leather armour    ||     9
Dodge: Dodged            ||    35
